 Dungeon Crawl Stone Soup version 0.20-a0-971-g5896763 (webtiles) character file.

126 Firecrotchwizard the Cudgeler (level 4, -2/45 HPs)
             Began as a Troll Berserker on Apr 8, 2017.
             Was a Believer of Trog.
             Killed from afar by an orc wizard (7 damage)
             ... with a puff of flame
             ... on level 3 of the Dungeon.
             The game lasted 00:03:41 (1541 turns).

Firecrotchwizard the Cudgeler (Troll Berserker)     Turns: 1541, Time: 00:03:42

Health: -2/45      AC: 10    Str: 25    XL:     4   Next: 84%
Magic:  3/3        EV: 10    Int:  3    God:    Trog [**....]
Gold:   118        SH:  0    Dex: 10    Spells: 3/3 levels left

rFire    . . .     SeeInvis .   u - +0 flail
rCold    . . .     Gourm    +   (no shield)
rNeg     . . .     Faith    .   b - +0 animal skin
rPois    .         Spirit   .   t - +2 hat
rElec    .         Reflect  .   h - +2 cloak
rCorr    .         Harm     .   (gloves unavailable)
MR       .....                  (boots unavailable)
Stlth    +.........             (no amulet)
Regen    0.6/turn               (no ring)
MPRegen  0.1/turn               (no ring)

@: confused
A: unfitting armour, claws 3, fast metabolism 3, gourmand, regeneration 1,
shaggy fur 1, tough skin 2
a: Berserk, Trog's Hand, Burn Spellbooks, Renounce Religion


You were on level 3 of the Dungeon.
You worshipped Trog.
Trog was pleased with you.
You were very full.

You visited 1 branch of the dungeon, and saw 3 of its levels.

You collected 118 gold pieces.

Inventory:

Hand Weapons
 a - a +0 mace
 r - a +0 vampiric whip
 u - a +0 flail (weapon)
Missiles
 l - 6 javelins
 x - 8 javelins of penetration (quivered)
Armour
 b - a +0 animal skin (worn)
 h - a +2 cloak (worn)
 t - a +2 hat (worn)
Scrolls
 d - a scroll of recharging {unknown}
 e - a scroll of enchant armour {unknown}
 f - 2 scrolls of random uselessness {unknown}
 g - a scroll of remove curse {unknown}
 i - 2 scrolls of identify {unknown}
 j - 2 scrolls of teleportation
 n - a scroll of fog {unknown}
 v - a scroll of amnesia {unknown}
Potions
 m - 2 potions of haste {unknown}
 p - a potion of magic {unknown}
 s - a potion of heal wounds {unknown}
Comestibles
 c - 3 bread rations
 k - 4 fruits
 o - 22 chunks of flesh
 q - 2 meat rations
 w - a royal jelly


   Skills:
 + Level 3.2 Fighting
 * Level 4.0 Maces & Flails
 + Level 3.1 Dodging


You had 3 spell levels left.
You didn't know any spells.

Dungeon Overview and Level Annotations

Branches:
Dungeon (3/15)

Altars:
Okawaru
Trog


Innate Abilities, Weirdness & Mutations

You are too large for most types of armour.
You have claws for hands.
Your metabolism is lightning-fast.
You like to eat raw meat.
Your natural rate of healing is unusually fast.
You are covered in fur. (AC +1)
You have very tough skin. (AC +2)


Message History

The jackal bites you but does no damage.
Something hits you but does no damage.
The jackal bites you but does no damage.
Something hits you but does no damage.
You completely miss something.
The jackal bites you but does no damage.
Something hits you but does no damage. Something hits you.
* * * LOW HITPOINT WARNING * * *
You bump into the rock wall.
The jackal bites you but does no damage.
You hear some strange, mumbled words.
A magic dart appears from out of thin air!
The magic dart hits you!
* * * LOW HITPOINT WARNING * * *
Something hits you but does no damage. The jackal closely misses you.
You closely miss the jackal. The jackal barely misses you.
You hear some strange, mumbled words.
A puff of flame appears from out of thin air!
The puff of flame hits you!
You die...

....... ##
##..#....######. #
##...#.##........ #>
....#.# ###.....
#.#####....#####.....
###....................
..!o.....[....#####....
...##{.##..........###
#@###รท.##...####
#{h....##.#..#####
#oh###.##.........#
..r## ..##.........#
#.. .####.........# ...
#. #.........# .... .
#....)....# ......#
#.........# #.........#


You could see an orc, a quokka and 2 jackals.

Vanquished Creatures
  3 gnolls (D:2)
  3 adders
  An ooze (D:3)
  5 leopard geckos
  6 orcs (D:3)
  5 bats
  6 goblins
  4 hobgoblins
  A jackal (D:3)
  6 kobolds
  7 frilled lizards
  14 rats
61 creatures vanquished.

Notes
Turn   | Place    | Note
-------+----------+-------------------------------------------
     0 | D:1      | Firecrotchwizard the Troll Berserker began the quest for the Orb.
     0 | D:1      | Reached XP level 1. HP: 22/22 MP: 0/0
   102 | D:1      | Reached XP level 2. HP: 29/29 MP: 1/1
   292 | D:1      | Reached skill level 3 in Maces & Flails
   722 | D:2      | Reached XP level 3. HP: 36/36 MP: 2/2
   729 | D:2      | Reached ** piety under Trog
   978 | D:2      | Reached XP level 4. HP: 44/44 MP: 3/3
  1252 | D:2      | Found a bloodstained altar of Trog.
  1252 | D:2      | Found an iron altar of Okawaru.
  1502 | D:3      | Reached skill level 4 in Maces & Flails
  1541 | D:3      | Killed from afar by an orc wizard

Vault maps used:
D:1:      dpeg_arrival_ratfight
D:2:      gammafunk_temple_overflow_wave
D:3:      kennysheep_vampire_church, kennysheep_generic_room_15

Skill      XL: |  1  2  3  4 |
---------------+-------------+-----
Maces & Flails | 3 4 |  4.0
Dodging        | 3 |  3.1
Fighting       | 3 |  3.2

Action                   |  1- 3 |  4- 6 || total
-------------------------+-------+-------++-------
Melee: Mace              |    97 |       ||    97
       Flail             |       |    85 ||    85
Invok: Burn Spellbooks   |       |     1 ||     1
       Trog's Hand       |       |     1 ||     1
  Use: Scroll            |     1 |       ||     1
 Stab: Sleeping          |     1 |       ||     1
  Eat: Chunk             |    15 |     5 ||    20
Armor: Animal skin       |    41 |    70 ||   111
Dodge: Dodged            |    69 |    64 ||   133
